 Seeded DCSS version 0.29.1-14-g9c671dbff4 (webtiles) character file.

Game seed: 12704467737904782470 (custom seed)

963 sanboga the Trooper (level 8, -7/50 HPs)
             Began as a Gargoyle Fighter on Feb 12, 2023.
             Mangled by an orc warrior
             ... wielding a +0 trident
              (12 damage)
             ... on level 4 of the Dungeon on Feb 13, 2023.
             The game lasted 00:06:33 (4550 turns).

sanboga the Trooper (Gargoyle Fighter)              Turns: 4550, Time: 00:06:34

Health: -7/50      AC: 18    Str: 23    XL:     8   Next: 15%
Magic:  8/8        EV:  7    Int:  8    God:
Gold:   192        SH: 10    Dex:  9    Spells: 7/7 levels left

rFire   . . .      SeeInvis .   a - +0 war axe
rCold   . . .      Faith    .   c - +0 buckler
rNeg    + . .      Spirit   .   l - +0 chain mail
rPois   ∞          Reflect  +   j - +0 helmet
rElec   +          Harm     .   o - +0 cloak
rCorr   +          Rampage  .   (no gloves)
Will    .....                   (no boots)
Stlth   ..........              n - amulet of reflection
HPRegen 0.16/turn               g - ring of resist corrosion
MPRegen 0.11/turn               (no ring)

@: no status effects
A: sickness immunity, AC +5, negative energy resistance 1, electricity
resistance, torment resistance 1, petrification resistance
a: no special abilities


You were on level 4 of the Dungeon.
You visited 1 branch of the dungeon, and saw 5 of its levels.

You collected 192 gold pieces.

Inventory:

Hand Weapons
 a - a +0 war axe (weapon)
Armour
 c - a +0 buckler (worn)
 j - a +0 helmet (worn)
 l - a +0 chain mail (worn)
 m - a +0 tower shield of protection
 o - a +0 cloak (worn)
Jewellery
 g - a ring of resist corrosion (left hand)
 n - an amulet of reflection (around neck)
Wands
 h - a wand of roots (6)
 i - a wand of polymorph (8)
Scrolls
 b - a scroll of torment {unknown}
 e - a scroll of noise {unknown}
 f - a scroll of amnesia {unknown}
 q - 4 scrolls of vulnerability {unknown}
 s - a scroll of enchant armour {unknown}
 t - a scroll of blinking {unknown}
Potions
 d - a potion of might
 k - a potion of flight
 p - a potion of heal wounds
 r - a potion of cancellation


   Skills:
 + Level 5.6 Fighting
 * Level 5.5 Axes
 + Level 5.4 Armour
 + Level 5.4 Shields


You had 7 spell levels left.
You didn't know any spells.
Your spell library contained the following spells:

 Spells                   Type           Power      Damage    Failure   Level
 Magic Dart               Conj           0%         1d3       99%         1
 Sting                    Tmut/Pois      0%         1d3       99%         1
 Call Imp                 Summ           0%         N/A       99%         2
 Poisonous Vapours        Pois/Air       0%         N/A       99%         2
 Mephitic Cloud           Conj/Pois/Air  0%         N/A       100%        3
 Corpse Rot               Necr/Pois/Air  0%         N/A       100%        4
 Olgreb's Toxic Radiance  Pois           0%         N/A       100%        4


Dungeon Overview and Level Annotations

Branches:
Dungeon (5/15)
 Temple: D:4-7

Altars:
Cheibriados
Elyvilon
Hepliaklqana
Makhleb
Qazlal
Yredelemnul

Shops:
D:1 (   D:4 *

Annotations:
D:4 1 runed translucent door, nroviw's ghost, amateur DsBe


Innate Abilities, Weirdness & Mutations

You are immune to sickness and miasma.
Your stone body is resilient. (AC +5)
You are immune to poison.
You resist negative energy. (rN+)
You are resistant to electric shocks. (rElec)
You are resistant to unholy torment.
You are immune to petrification.


Message History

You barely miss the orc warrior.
The orc warrior is moderately wounded.
The orc warrior barely misses you.
You closely miss the orc warrior.
The orc warrior is moderately wounded.
The orc warrior hits you but does no damage.
You closely miss the orc warrior.
The orc warrior is moderately wounded.
The orc warrior hits you with a +0 trident!
* * * LOW HITPOINT WARNING * * *
The orc warrior hits you with a +0 trident.
* * * LOW HITPOINT WARNING * * *
You feel much better.
The orc warrior hits you with a +0 trident!
You hit the orc warrior but do no damage.
The orc warrior is moderately wounded.
The orc warrior closely misses you.
You hit the orc warrior.
The orc warrior is moderately wounded.
The orc warrior hits you but does no damage.
You slash the orc warrior!
The orc warrior is severely wounded.
You block the orc warrior's attack.
You hit the orc warrior but do no damage.
The orc warrior is severely wounded.
You block the orc warrior's attack. x2
You hit the orc warrior but do no damage.
The orc warrior is severely wounded.
The orc warrior hits you with a +0 trident!
* * * LOW HITPOINT WARNING * * *
You completely miss the orc warrior.
The orc warrior is severely wounded.
The orc warrior hits you with a +0 trident.
* * * LOW HITPOINT WARNING * * *
You completely miss the orc warrior.
The orc warrior is severely wounded.
The orc warrior hits you with a +0 trident!
* * * LOW HITPOINT WARNING * * *
The orc warrior hits you with a +0 trident!
You die...

#..#.....#.#≈.#.....≈≈≈≈≈.#...#~~
......#.....≈.######......#...###
......##....≈.......#######....#.
.....##.....≈≈≈≈≈≈≈≈.........###.
.....##...#.....[.##.....#)...#..
..........##.....###.............
...................#...##........
.......................#..#......
.............#.)@o....#...#......
................†.........#..#.#.
.#........................#..####
###........##..........#.........
...........##......[...#...#....#
.....................#....##.....
.....##..............#...##...##.
.....##...##.................####
##.................#...........#.


You could see an orc warrior.

Vanquished Creatures
  Pikel (D:4)
  A phantom (D:5)
  A lemure (D:4)
  A killer bee (D:2)
  2 jellies (D:4)
  An orc priest (D:5)
  Ijyb (D:2)
  An orc wizard (D:5)
  Robin (D:1)
  3 gnolls (D:2)
  5 adders
  An ufetubus (D:4)
  3 worms (D:4)
  5 dart slugs
  9 orcs
  7 endoplasms
  5 giant cockroaches
  4 hobgoblins
  14 jackals
  10 kobolds
  9 quokkas
  7 ball pythons
  7 bats
  8 frilled lizards
  23 goblins
  4 rats
134 creatures vanquished.

Vanquished Creatures (others)
  11 plants (D:1)
11 creatures vanquished.

Grand Total: 145 creatures vanquished

Notes
Turn   | Place    | Note
-------+----------+-------------------------------------------
     0 | D:1      | sanboga the Gargoyle Fighter began the quest for the Orb.
     0 | D:1      | Reached XP level 1. HP: 14/14 MP: 1/1
    89 | D:1      | Reached XP level 2. HP: 14/19 MP: 2/2
   588 | D:1      | Reached XP level 3. HP: 20/23 MP: 3/3
   652 | D:1      | Found Qann's Antique Weapon Shop.
   753 | D:1      | Found a faded altar of an unknown god.
  1020 | D:2      | Noticed Robin
  1040 | D:1      | Killed Robin
  1041 | D:1      | Reached XP level 4. HP: 13/29 MP: 4/4
  1681 | D:2      | Reached XP level 5. HP: 9/33 MP: 5/5
  2102 | D:2      | Noticed Ijyb
  2120 | D:2      | Killed Ijyb
  2344 | D:2      | Found a runed translucent door.
  2345 | D:2      | Noticed Crazy Yiuf
  2448 | D:2      | Noticed Crazy Yiuf
  2448 | D:2      | Crazy Yiuf changed into Crazy Yiuf the killer bee
  2469 | D:2      | Killed Crazy Yiuf the killer bee
  2681 | D:3      | Found a stormy altar of Qazlal.
  2723 | D:3      | Reached XP level 6. HP: 32/39 MP: 6/6
  2775 | D:3      | Identified a scroll of acquirement
  2775 | D:3      | Acquired a +0 tower shield of protection
  2795 | D:3      | Found a snail-covered altar of Cheibriados.
  3233 | D:3      | Identified the +1 robe of the Sacrificial Victim {rN+
                  | Str+8}
  3648 | D:4      | Found a hazy altar of Hepliaklqana.
  3720 | D:4      | Found Coeh's Elemental Accessories.
  3725 | D:4      | Noticed Pikel
  3742 | D:4      | Killed Pikel
  3743 | D:4      | Reached skill level 5 in Fighting
  3743 | D:4      | Reached skill level 5 in Axes
  3743 | D:4      | Reached skill level 5 in Armour
  3743 | D:4      | Reached skill level 5 in Shields
  3743 | D:4      | Reached XP level 7. HP: 30/44 MP: 7/7
  3960 | D:4      | Found a burning altar of Makhleb.
  3963 | D:4      | Found a basalt altar of Yredelemnul.
  3982 | D:4      | Found a white marble altar of Elyvilon.
  4112 | D:4      | Found a runed translucent door.
  4155 | D:4      | Noticed nroviw's ghost (amateur DsBe)
  4258 | D:5      | Entered Level 5 of the Dungeon
  4277 | D:5      | Reached XP level 8. HP: 50/50 MP: 8/8
  4550 | D:4      | Mangled by an orc warrior

Illustrated notes

Levels and vault maps discovered:
D:1:      beargit_arrival_greenhouse, layout_basic,
          dilly_ecumenical_altar_fadedgnrine, serial_shops,
          nicolae_shop_statue_plus
D:2:      kennysheep_the_goblin_king, layout_basic, kennysheep_generic_room_9,
          uniq_crazy_yiuf_cottage, uniq_robin
D:3:      layout_basic, grunt_qazlal_clouds, lemuel_doored_altar, minmay_vboxes
D:4:      layout_cave_pools, nzn_hepliaklqana_mist_gate, kennysheep_little_box,
          nicolae_overflow_squiral, ebering_ghost_inner_flame,
          nicolae_elemental_shop, uniq_pikel
D:5:      layout_loops_ring, overflow_temple_1_default, serial_shops, shop,
          minivault_11

Skill      XL: |  1  2  3  4  5  6 |
---------------+-------------------+-----
Axes           | 2 3 5 |  5.5
Fighting       | 4 5 |  5.6
Shields        | 4 5 |  5.4
Armour         | 4 5 |  5.4

Action                   |  1- 3 |  4- 6 |  7- 9 || total
-------------------------+-------+-------+-------++-------
Melee: War axe           |   132 |   227 |    68 ||   427
Evoke: Wand              |       |     2 |       ||     2
  Use: Potion            |       |     4 |     1 ||     5
       Scroll            |       |     4 |       ||     4
 Stab: Invisible         |       |     2 |       ||     2
Armor: Scale mail        |   126 |     4 |       ||   130
       Chain mail        |       |   141 |    39 ||   180
Dodge: Dodged            |    83 |   114 |    24 ||   221
Block: Buckler           |    47 |   173 |    30 ||   250
       Reflection        |       |     3 |     1 ||     4
